[Event "Indian Blitz Championship 2023"]
[Site "Nashik"]
[Date "2024.03.07"]
[Round "6.3"]
[White "Aakash Sharadchandra, Dalvi"]
[Black "Wagh Suyog"]
[Result "1-0"]
[ECO "E15"]
[WhiteElo "2291"]
[BlackElo "2250"]
[Annotator "TA"]
[PlyCount "70"]
[EventDate "2024.03.07"]
[EventType "blitz"]
[EventCountry "IND"]
[SourceTitle "playchess.com"]
[Source "ChessBase"]
[SourceQuality "1"]
[TimeControl "180+2"]

1. d4 Nf6 2. c4 e6 3. Nf3 b6 4. g3 Ba6 5. b3 Bb4+ 6. Bd2 Be7 7. Nc3 d5 8. cxd5 exd5 9. Bg2 O-O 10. O-O Nbd7 11. a3 Re8 12. b4 c5 {[%emt 0:00:00] The position is equal.} 13. bxc5 bxc5 14. dxc5 Bxc5 {[%emt 0:00:01] [#] And now ...d4 would win.} 15. Bg5 Qa5 16. Bd2 Qd8 (16... Bxa3 $2 17. Qb3 $18) 17. Bg5 Qa5 18. Bd2 Qd8 {[%emt 0:00:01] ...d4 would now be deadly.} (18... Bxa3 $2 19. Qb3 $18) 19. Bg5 h6 20. Bxf6 Nxf6 21. Nd4 Bc4 {[%emt 0:00:00] This pair of bishops is nice.} 22. Re1 Qa5 23. Qd2 Rab8 {[%emt 0:00:00][%cal Ob8b2] [#] Threatens to win with ...Rb2!} (23... Bxa3 $2 24. Nc2 $18) 24. e3 a6 $2 (24... Bxa3 25. Nc6 Qb6 26. Nxd5 (26. Nxb8 Bb4 $16) 26... Nxd5 (26... Qxc6 $2 27. Ne7+ Bxe7 28. Bxc6 $18) 27. Bxd5 $14 (27. Nxb8 Bb4 $15)) (24... Qa6 $11 {and Black has nothing to worry.}) 25. Nc6 $1 $18 Qc7 26. Nxb8 Qxb8 27. Nxd5 ({Weaker is} 27. Bxd5 Qd6 $16) 27... Bxd5 28. Bxd5 Rd8 29. e4 Ng4 30. Re2 {[%emt 0:00:06] aiming for Kg2.} Qe5 31. Rd1 (31. Rb1 $18 {[%cal Od5f7] and White stays clearly on top. Strongly threatening Bxf7+!} Qh5 32. h4 Nxf2 33. Rxf2) 31... Qh5 $16 32. h4 Qe5 $2 (32... Ne5 $16 {is tougher.} 33. Qb2 Re8) 33. Kg2 $18 Rd6 (33... Be7 $142 34. Qd4 Qxd4 35. Rxd4 g5 36. hxg5 hxg5) 34. Qf4 (34. Qa5 $142) 34... Qh5 (34... Qxf4 $142 35. gxf4 Nf6) 35. e5 Ne3+ {[%emt 0:00:05] Weighted Error Value: White=0.53/Black=0.55.  Loses game:     	---       	Black=2      Mistake:       	White=2     	Black=2      Inaccurate:     	White=3     	Black=1      OK:         	White=12    	Black=4      Best:        	White=1     	Black=1} 1-0

[Event "Indian Blitz Championship 2023"]
[Site "Nashik"]
[Date "2024.03.07"]
[Round "6.4"]
[White "Sai Agni Jeevitesh, J."]
[Black "Dinesh Rajan M"]
[Result "1-0"]
[ECO "D04"]
[WhiteElo "2285"]
[BlackElo "1948"]
[Annotator "TA"]
[PlyCount "141"]
[EventDate "2024.03.07"]
[EventType "blitz"]
[EventCountry "IND"]
[SourceTitle "playchess.com"]
[Source "ChessBase"]
[SourceQuality "1"]
[TimeControl "180+2"]

1. d4 d5 2. Nf3 Nf6 3. e3 c5 4. dxc5 e6 5. b4 a5 6. c3 axb4 7. cxb4 b6 $1 8. Bb5+ {[%emt 0:00:08] Black has an edge.} Bd7 9. Bxd7+ Nbxd7 10. a4 bxc5 11. b5 Bd6 12. Bb2 O-O 13. O-O c4 14. Bc3 (14. Nbd2 $11 Qc7 15. Qc2) 14... Bc7 (14... Ne4 $17) 15. Nbd2 e5 {[%emt 0:00:04] Repels Nd4} 16. Bb4 (16. Qc2 $11) 16... Re8 $15 17. e4 dxe4 (17... Nxe4 18. Nxe4 dxe4 19. Nd2 $11) (17... Bb6 $15) 18. Ng5 $11 Nb6 19. Ndxe4 (19. Ngxe4 {simplifies} Nxe4 20. Nxe4 Rxa4 21. Rxa4 Qxd1 22. Rxd1 Nxa4 23. g4) 19... Nxe4 (19... Nbd5 {is more complex.} 20. Qb1 Nxe4 21. Nxe4 Nf4) 20. Nxe4 Qxd1 (20... Rxa4 {simplifies} 21. Rxa4 Qxd1 22. Rxd1 Nxa4 23. g4 Rb8) 21. Rfxd1 {[%emt 0:00:02] Strongly threatening a5.} Nxa4 (21... Rxa4 {simplifies} 22. Rxa4 Nxa4 23. g4 Rb8) 22. Rd7 $2 {[%emt 0:00:09][%mdl 8192] [#]} (22. Kf1 $11) 22... Nb6 $2 (22... Nc5 $1 $19 {and Black stays clearly on top.} 23. Rdd1 (23. Rxa8 $2 Rxa8 24. Rd1 Nxe4 $19) 23... Nxe4) 23. Rdd1 $17 (23. Rxc7 $2 {gets mated.} Rxa1+) 23... Nd5 24. Bd6 (24. Rab1 $15 Red8 25. Bd6 Bxd6 (25... Rxd6 26. Nxd6 Nc3 27. Ra1 $16) 26. Rxd5) 24... Rxa1 25. Rxa1 {[%emt 0:00:00] aiming for Bxc7.} f5 26. Bxc7 Nxc7 {[%emt 0:00:09][%mdl 4096] Endgame. KRN-KRN} (26... fxe4 $17 27. Bd6 c3) 27. Nd6 $11 Rb8 {[%emt 0:00:01] ...c3 would now be deadly.} 28. Nxc4 Rxb5 29. Nd6 Rc5 30. Nxf5 Kf7 31. g3 Ne6 32. Ra7+ Kf6 33. Nd6 {[%emt 0:00:04] Threatens to win with Ne4+.} Rd5 {[%emt 0:00:06] [#]} (33... Kg6 $11) 34. Ne4+ $2 ({White has to play} 34. Ne8+ $1 $16 Kf5 35. Nxg7+ Nxg7 36. Rxg7) 34... Kf5 35. f3 Rd3 36. Kg2 h5 37. h3 h4 38. gxh4 Nf4+ 39. Kg3 Nh5+ 40. Kf2 Rb3 41. Ng3+ Nxg3 42. Kxg3 {[%emt 0:00:01] KR-KR} e4 43. Rxg7 Rxf3+ 44. Kg2 Ra3 45. Re7 Kf4 46. Rf7+ Ke3 47. h5 Ra5 48. h6 Rg5+ $2 (48... Kd2 $11 {and Black is okay.}) 49. Kh2 $18 {[%emt 0:00:00] Black must now prevent h7.} Rh5 50. h7 {[%emt 0:00:01] Kg3 is the strong threat.} Kd2 $2 (50... Kd4 51. Kg3 e3) 51. Rd7+ Ke2 52. Kg3 e3 53. Kg4 Rh6 54. h4 {[%emt 0:00:03] Threatening mate with Kg5.} Kf2 55. Rf7+ {[%emt 0:00:03] White mates.} Kg2 56. Re7 Kf2 57. Kg5 Ra6 58. h8=Q Ra5+ 59. Kg4 Ra4+ 60. Kh3 e2 61. Qf6+ Kg1 62. Rxe2 Ra3+ 63. Kg4 Ra4+ 64. Kh5 Ra5+ 65. Re5 Ra2 66. Qg5+ Rg2 67. Re1+ Kh2 68. Qf4+ Rg3 69. Re2+ Kh1 70. Qf1+ Rg1 71. Qh3# {[%emt 0:00:01] Never resign too early!   Weighted Error Value: White=0.23 (precise) /Black=0.54.  Loses game:     	White=1     	Black=1      Missed win:     	---       	Black=1      Mistake:       	White=4     	Black=5      Inaccurate:     	White=1     	Black=1      OK:         	White=16    	Black=15     Best:        	White=5     	Black=3      Strong:       	---       	Black=1} 1-0

[Event "Indian Blitz Championship 2023"]
[Site "Nashik"]
[Date "2024.03.07"]
[Round "6.5"]
[White "Ghosh, Diptayan"]
[Black "Vignesh B"]
[Result "1-0"]
[ECO "D78"]
[WhiteElo "2559"]
[BlackElo "2209"]
[Annotator "TA"]
[PlyCount "91"]
[EventDate "2024.03.07"]
[EventType "blitz"]
[EventCountry "IND"]
[SourceTitle "playchess.com"]
[Source "ChessBase"]
[SourceQuality "1"]
[TimeControl "180+2"]

1. Nf3 Nf6 2. g3 d5 3. Bg2 g6 4. d4 Bg7 5. c4 O-O 6. O-O dxc4 7. Na3 c6 8. Nxc4 Nbd7 9. b3 Nb6 10. Bb2 Bf5 11. Rc1 {[%emt 0:00:03] White is slightly better.} Be4 12. Ncd2 Bf5 13. Nh4 Bc8 14. e4 {[%emt 0:00:06] White leaves nothing to chance now.} a5 15. a4 Re8 16. h3 Nh5 ({Better is} 16... Nfd7) 17. Nhf3 $16 h6 18. Qc2 Bd7 19. Rfd1 Rc8 20. Ne5 Bxe5 (20... Be6 {was called for.} 21. Nd3 Ra8) 21. dxe5 $18 Qc7 22. Qc5 Ra8 23. Bc3 Nc8 24. Qe3 Kh7 25. f4 Ng7 26. g4 b5 27. f5 bxa4 28. bxa4 ({Less strong is} 28. e6 Nxe6 29. fxe6 Bxe6 30. bxa4 Nb6 $18) 28... c5 {[%emt 0:00:01] [#]} 29. e6 $1 fxe6 (29... Nxe6 30. fxe6) 30. fxg6+ Kxg6 31. Nf3 Bxa4 32. Rf1 {[%emt 0:00:02] Intending Nh4+ and mate.} Nd6 33. Ne5+ Kh7 34. g5 Rf8 35. gxh6 (35. g6+ $142 Kg8 36. Qxh6 Rxf1+ 37. Bxf1 (37. Rxf1 Ndf5 38. Qh7+ Kf8 39. Qh8#) 37... Nxe4 38. Qh7+ Kf8 39. Qh8#) 35... Nh5 {[%emt 0:00:01] White is clearly winning.} 36. Qg5 Rf6 {[%emt 0:00:03] Inhibits Qg6+.} 37. Qxh5 {[%emt 0:00:04] [#] White threatens Rxf6 and mate.} Rg8 38. Ng4 Rxf1+ 39. Rxf1 Be8 {[%emt 0:00:01] Wards off Rf7+} 40. Qe5 Nb5 41. Qxc7 Nxc7 42. Bxa5 Nb5 43. Rc1 Nd6 44. Rxc5 Bg6 45. Rc7 Re8 46. Nf6+ {[%emt 0:00:00] Weighted Error Value: White=0.55/Black=0.55.  Mistake:       	---       	Black=2      Inaccurate:     	White=1     	Black=4      OK:         	White=8     	Black=4      Best:        	White=2     	Black=1} 1-0

[Event "Indian Blitz Championship 2023"]
[Site "Nashik"]
[Date "2024.03.07"]
[Round "6.6"]
[White "Jinan Jomon"]
[Black "Mitrabha, Guha"]
[Result "0-1"]
[ECO "A61"]
[WhiteElo "2380"]
[BlackElo "2526"]
[Annotator "TA"]
[PlyCount "92"]
[EventDate "2024.03.07"]
[EventType "blitz"]
[EventCountry "IND"]
[SourceTitle "playchess.com"]
[Source "ChessBase"]
[SourceQuality "1"]
[TimeControl "180+2"]

1. c4 c5 2. Nf3 g6 3. e3 Bg7 4. d4 Nf6 5. Nc3 O-O 6. d5 e6 7. Bd3 exd5 8. cxd5 d6 9. O-O Bg4 10. Be2 Bxf3 11. Bxf3 Nbd7 {[%emt 0:00:01] The position is equal.} 12. e4 a6 13. a4 Ne8 14. Be2 Nc7 15. Be3 Rb8 16. a5 Re8 17. f4 ({White should play} 17. Qc1 $11) 17... Bxc3 $15 18. bxc3 Rxe4 19. Bc1 {[%emt 0:00:11] White is now going downhill.} (19. Bd2 $15) 19... Qf6 20. Bf3 (20. Bg4 $17 Nf8 (20... Qxc3 21. Ra3 $18) 21. Qb3) 20... Qxc3 $19 21. Bd2 Qd4+ 22. Kh1 Ree8 23. Qc2 Nb5 (23... Nxd5 24. Rad1 $19) 24. Ra4 Qf6 25. Bg4 Re7 26. f5 (26. Qc1 $17) 26... Ne5 {[%emt 0:00:03] [#] aiming for ...Nd4.} 27. Bh3 (27. Qd1 $17) 27... Nd4 $2 (27... g5 $19 {has better winning chances. Hoping for ...c4.} 28. Bg4 c4 29. Rxc4 Nxc4 30. Qxc4 Rbe8) 28. Qd1 (28. Qc1 $17 Ree8 (28... Nxf5 $2 29. Bxf5 Ree8 30. Bc2 $18) (28... gxf5 $2 29. Bg5 $18) 29. fxg6 Qxg6 30. Be3) 28... g5 (28... Nxf5 29. Raf4 Nd3 30. R4f3 $16) (28... gxf5 29. Be3 $17) 29. g3 Rbe8 30. Bg2 h6 (30... Nxf5 $2 {too greedy.} 31. g4 $18) 31. Bc3 Kg7 ({Stronger than} 31... Nxf5 32. Qb1 $16) 32. Bxd4 (32. Ba1 $142) 32... cxd4 33. Qxd4 Nd7 34. Qxf6+ Kxf6 35. Rb4 Nc5 36. Rb6 Rd7 37. Rc1 Kg7 38. Bf3 Re3 39. Kg2 (39. Bg4 $17 f6 40. Bh5) 39... Ra3 40. h4 gxh4 41. gxh4 Rxa5 42. f6+ Kxf6 43. Bg4 Rd8 {[%emt 0:00:05] White must now prevent ...Rg8.} 44. Rb4 (44. Rf1+ {is a better defense.} Kg6 45. Rb2) 44... Ra4 {[%emt 0:00:11] Black is clearly winning.} 45. Rxa4 Nxa4 46. Bh5 Nc5 {[%emt 0:00:04] Weighted Error Value: White=0.39/Black=0.23 (precise) .  Missed win:     	---       	Black=1      Mistake:       	White=9     	---        Inaccurate:     	White=2     	Black=5      OK:         	White=11    	Black=14     Best:        	---       	Black=1} 0-1

[Event "Indian Blitz Championship 2023"]
[Site "Nashik"]
[Date "2024.03.07"]
[Round "6.7"]
[White "Karthik Venkataraman"]
[Black "Srihari L R"]
[Result "1-0"]
[ECO "E68"]
[WhiteElo "2609"]
[BlackElo "2490"]
[Annotator "TA"]
[PlyCount "115"]
[EventDate "2024.03.07"]
[EventType "blitz"]
[EventCountry "IND"]
[SourceTitle "playchess.com"]
[Source "ChessBase"]
[SourceQuality "1"]
[TimeControl "180+2"]

1. g3 Nf6 2. Bg2 g6 3. c4 Bg7 4. Nc3 O-O 5. Nf3 d6 6. d4 Nbd7 7. O-O e5 8. e4 exd4 9. Nxd4 Nc5 10. Re1 Re8 11. h3 Bd7 12. Bf4 h6 13. f3 (13. Rb1 $14) 13... Nh5 $15 14. Nde2 Nxf4 15. Nxf4 {[%emt 0:00:01] Schwarz steht etwas besser.} Be5 16. Qd2 Qg5 17. Kh2 h5 {[%emt 0:00:11] Und jetzt ...h4 wäre schön.} 18. h4 Bxf4 19. Qxf4 Qxf4 20. gxf4 Nd3 $36 {[%emt 0:00:01][%csl LRb2,LRe1,LRf4][%mdl 2048] Weiss steht unter Druck.} 21. Nd5 $2 Nxe1 $19 (21... Nxb2 $2 22. Rab1 (22. Nxc7 Nxc4 23. Rac1 Nb6 $18) 22... Nxc4 23. Nf6+ (23. Rxb7 Kg7 $11) (23. Nxc7 b5 $18) 23... Kg7 24. Nxd7 $18) 22. Rxe1 Red8 23. f5 c6 24. Nf4 Kg7 25. fxg6 fxg6 26. Rd1 Rf8 $2 (26... Kf6 $19 {Droht stark ...g5.} 27. Kg3 Be8) 27. Kg3 $11 {[%emt 0:00:08] [#]} Rf6 ({Vorzuziehen ist} 27... d5 $1 $17 28. cxd5 Rae8) 28. e5 Rxf4 29. Kxf4 dxe5+ 30. Kxe5 {[%emt 0:00:06][%mdl 4096] Endspiel. KRB-KRB} Re8+ 31. Kf4 $1 Bf5 32. Bf1 {[%emt 0:00:02] Wehrt Re2 ab} Kf6 33. c5 Be6 (33... a5 $11) 34. Rd6 $14 {[%emt 0:00:07] Zielt auf Bc4 ab.} Ke7 {[%emt 0:00:21] [#]} 35. Bd3 $1 Rf8+ 36. Ke3 Bd5 37. f4 (37. Bxg6 Rxf3+ (37... Bxf3 38. Rd4 $14) 38. Kd4 Rf2 $11 (38... Bxa2 39. Ke5 $11)) 37... Rf6 $2 (37... b6 $16) 38. Bxg6 $18 Bxa2 $2 (38... b6 {war nötig.} 39. a3 (39. Bxh5 Rf8 $18) 39... bxc5 40. Rxf6 Kxf6 41. Bxh5 a5) 39. Rxf6 (39. Bxh5 Rf5 40. Bg4 Rxc5 41. Rd7+ Kf6 $18) 39... Kxf6 40. Bxh5 {[%emt 0:00:00] KB-KB} b6 41. Bf3 bxc5 42. Bxc6 a5 (42... Bf7 $142 43. Bf3 Be6) 43. Be4 $2 (43. Be8 c4 44. Ba4) 43... Bb3 $2 (43... Bf7 $18 44. Bf3 Kg7) 44. h5 a4 45. h6 {[%emt 0:00:04] Beabsichtigt Kd3 und Matt.} Bc4 46. Bc2 Bb5 47. Kd2 Bc4 48. Kc3 Bd5 49. Kd2 Bc4 $1 50. Ke3 $2 (50. h7 {setzt Matt} Kg7 51. Bg6 (51. Bxa4 Kxh7 52. Bc2+ Kg7 $11) 51... Kh8 52. f5 Kg7 53. f6+ Kxf6 54. h8=Q+ (54. h8=R Kxg6 55. Rc8 Kf6 $18) 54... Kxg6 55. Qe8+ Kf6 56. Qxa4) 50... Bd5 $2 (50... Bb5 $11 51. f5 Be8) 51. f5 {[%emt 0:00:12][%cal Bf4f5,Bf5f6,Bf6f7][%mdl 32] Weiß setzt Matt.} Bc4 52. h7 Kg7 53. f6+ Kh8 54. Kf4 Bf7 55. Ke5 Bc4 56. Kd6 Bb3 57. Bxb3 axb3 58. f7 {[%emt 0:00:01] Weiß hat das Spiel gedreht.   Gewichteter Fehlerwert: Weiß=0.56/Schwarz=0.72.  Verlustzug:     	Weiß=1     	Schwarz=2     Fehler:       	Weiß=1     	Schwarz=5     Ungenau:       	Weiß=1     	Schwarz=4     OK:         	Weiß=8     	Schwarz=7     Bester:       	Weiß=4     	Schwarz=4     Stark:        	Weiß=2     	---} 1-0

[Event "Indian Blitz Championship 2023"]
[Site "Nashik"]
[Date "2024.03.07"]
[Round "6.8"]
[White "Abhishek, Kelkar"]
[Black "Ravi, Teja S."]
[Result "0-1"]
[ECO "D11"]
[WhiteElo "2182"]
[BlackElo "2437"]
[Annotator "TA"]
[PlyCount "90"]
[EventDate "2024.03.07"]
[EventType "blitz"]
[EventCountry "IND"]
[SourceTitle "playchess.com"]
[Source "ChessBase"]
[SourceQuality "1"]
[TimeControl "180+2"]

1. d4 d5 2. c4 c6 3. Nf3 Nf6 4. Qc2 dxc4 5. e4 Bg4 6. Bxc4 Bxf3 7. gxf3 Qxd4 8. Be3 Qe5 9. Qb3 Nbd7 10. Bxf7+ (10. Qxb7 Rb8 11. Qxc6 (11. Qxa7 Qxb2 12. Qd4 e6 $11) 11... e6 $11 (11... Rxb2 12. Qc8#) (11... Qxb2 12. O-O $16)) 10... Kd8 11. Nc3 (11. Qxb7 Rb8 12. Qxa7 (12. Qxc6 Qxb2 13. Qc3 e6 $16) 12... Qxb2 $16) 11... g6 12. Qxb7 Rb8 13. Qxa7 Rxb2 14. Bd4 Qb8 15. Qa5+ Qc7 16. Qa3 $2 (16. Qxc7+ $18 {has better winning chances.} Kxc7 17. Nd5+ cxd5 18. Rc1+ (18. Bxb2 Bh6 $18) 18... Kd6 19. Bxb2) 16... e5 $16 17. Qxb2 exd4 18. Ne2 Ne5 {[%emt 0:00:00] [#]} 19. Bc4 (19. Qxd4+ $6 Nfd7 (19... Ke7 20. Qc3 $16) 20. Kf1 Nxf7 $15) (19. Kf1 $1 $16 {[%cal Oe2d4] aiming for Nxd4!} Nxf7 (19... Bd6 20. f4) 20. Nxd4) 19... Nxf3+ $11 20. Kd1 Nxe4 21. Rf1 (21. Nxd4 $11 {keeps the balance.} Qd6 22. Qb6+ Ke7 23. Re1 Nxe1 24. Kxe1) 21... Bg7 (21... Qxh2 $6 22. Ng3 (22. Nxd4 Qd6 $11) 22... Nc3+ (22... Nxg3 23. Qb8+ Kd7 24. Rb1 $18) 23. Kc2 $11) (21... Qa5 $1 $17 {[%cal Of8a3] ...Ba3! would now be deadly.} 22. Rb1 Bd6 (22... Nxh2 23. Qb8+ Ke7 24. Rb7+ Kf6 25. Qf4+ Qf5 26. Rf7#) 23. Qb6+ Qxb6 24. Rxb6 Kc7 (24... Bxh2 25. Rxc6 Nfd2 26. Bd3 $11) (24... Nxh2 25. Nxd4 Nxf1 26. Bxf1 $15)) 22. Rb1 (22. Qa3 $1 $15 Nxh2 23. Bd3) 22... d3 ({Better is} 22... Ned2 $17 23. Qb8+ Kd7 24. Qxc7+ (24. Be6+ $2 Kd6 $19) 24... Kxc7) 23. Qb8+ $11 Qxb8 (23... Kd7 $5 24. Be6+ (24. Qxc7+ Kxc7 25. Bxd3 Ned2 $17) 24... Kd6 25. Qb4+ c5 (25... Kxe6 $2 26. Qxe4+ Be5 27. Qxf3 $18) (25... Ke5 26. Ng1 $11) 26. Qxe4 dxe2+ 27. Qxe2 Qc6 $16) 24. Rxb8+ Kc7 25. Rxh8 (25. Bxd3 Rxb8 (25... Kxb8 26. Bxe4 Rd8+ 27. Kc1 $17) 26. Bxe4 Rd8+ (26... Nxh2 27. Rh1 $11) 27. Kc2 Nd2 $19 (27... Nxh2 28. Rh1 $11)) 25... Bxh8 26. Bxd3 Nxh2 {[%emt 0:00:04] [#]} 27. Ng3 (27. Re1 $1 $11 Nxf2+ 28. Kc2) 27... Nxf1 ({Black should try} 27... Nc3+ $17 28. Kd2 Nxf1+ 29. Bxf1 Nd5 (29... Nxa2 $2 30. f4 $19)) 28. Nxe4 $11 Nh2 29. a4 Ng4 30. a5 Bd4 31. Ke2 Ne5 32. Ng5 (32. Bb1 $11 {remains equal.}) 32... Nxd3 $17 33. Kxd3 Bxf2 34. Nxh7 Be1 $2 (34... Kb7 $1 $17 35. Nf8 g5) 35. a6 ({White should play} 35. Nf8 $1 $11) 35... Kb6 $15 36. Nf8 g5 (36... Kxa6 37. Nxg6 Kb7 38. Ke3 $11) 37. Ne6 g4 (37... Kxa6 38. Nxg5 Bh4 39. Nf7 $11) 38. Nc5 $2 (38. Ke2 $15) 38... Bf2 (38... Kxc5 39. a7 g3 40. a8=Q $18 (40. a8=B {leads to mate.} g2 41. Ke3 g1=Q+ 42. Kf4 Bh4 43. Kf5 Qg2 44. Ke5 Qf3 45. Bb7 Bg5 46. Bxc6 Qf4+ 47. Ke6 Qf6+ 48. Kd7 Qxc6#)) (38... g3 $142 39. Nd7+ Kxa6 40. Nc5+ Ka7 41. Nb3 g2 42. Ke4 g1=Q (42... g1=R $2 43. Nd4 $19) 43. Nd4 Qg2+ 44. Kd3 c5 45. Nc2 c4+ (45... Qd2+ {gets mated.} 46. Ke4 Qxc2+ 47. Kf4 c4 48. Kg4 Qg6+ 49. Kf4 c3 50. Ke3 c2 51. Kf3 c1=Q 52. Ke2 Qg2+ 53. Kd3 Qc3#) 46. Kxc4 Qxc2+ 47. Kd4 Qe2 48. Kd5 Bc3 49. Kc6 Qe6+ 50. Kb5 Qa6+ 51. Kc5 Kb7 52. Kd5 Qc6#) 39. Ne4 g3 40. Ke2 Kxa6 41. Nxf2 gxf2 42. Kxf2 Kb5 43. Ke3 Kc4 44. Kd2 {[%emt 0:00:01] [#]} Kb3 $1 45. Kd3 {[%emt 0:00:01] [#]} c5 $1 0-1

[Event "Indian Blitz Championship 2023"]
[Site "Nashik"]
[Date "2024.03.07"]
[Round "6.9"]
[White "Pimpalkhare Vedant"]
[Black "Kushagra Mohan"]
[Result "1/2-1/2"]
[ECO "E05"]
[WhiteElo "2254"]
[BlackElo "2351"]
[Annotator "TA"]
[PlyCount "123"]
[EventDate "2024.03.07"]
[EventType "blitz"]
[EventCountry "IND"]
[SourceTitle "playchess.com"]
[Source "ChessBase"]
[SourceQuality "1"]
[TimeControl "180+2"]

1. d4 Nf6 2. Nf3 e6 3. g3 d5 4. Bg2 Be7 5. O-O O-O 6. c4 dxc4 7. Ne5 Nd5 8. Nxc4 b5 9. Ne3 Bb7 {[%emt 0:00:05] White has an edge.} 10. Nxd5 Bxd5 11. e4 Bb7 12. Be3 a6 13. Nd2 Nd7 14. Rc1 Nb6 15. Qe2 Rc8 16. Rfd1 Kh8 17. h4 f5 {[%emt 0:00:02] [#]} 18. d5 exd5 $14 19. Bxb6 cxb6 20. Rxc8 Qxc8 21. exd5 Bf6 (21... Bd6 $11) 22. Nb3 (22. d6 $14) 22... Rd8 23. d6 Bxg2 24. Kxg2 h6 25. Qf3 {[%emt 0:00:32] Inhibits Qc6. Active counter play!} Be5 26. Rd5 Qe6 27. Nd4 Bxd4 28. Rxd4 Rxd6 29. Rxd6 Qxd6 30. Qxf5 $11 {[%emt 0:00:02][%mdl 4096] Endgame. KQ-KQ} Qc6+ 31. Kh2 Qc4 32. Qf8+ Kh7 $1 33. Qf5+ Kg8 34. a3 Qc5 35. Qe6+ Kf8 36. Kg2 a5 37. Qe2 b4 38. axb4 Qxb4 {[%emt 0:00:00] The position is equal.} 39. g4 Qd4 40. Qf3+ Kg8 41. b3 Qc5 42. Qa8+ Qf8 43. Qd5+ Kh8 44. g5 hxg5 45. hxg5 {[%emt 0:00:01] Hoping for g6.} Qe8 46. Qf5 Qc6+ 47. Kg3 {[%emt 0:00:03] [#] Black must now prevent g6.} Qc3+ 48. f3 Qe1+ 49. Kg2 Qe2+ 50. Kg3 Qe1+ 51. Kg2 Qd2+ 52. Kg3 Qd6+ 53. Kg2 {[%emt 0:00:01] Strongly threatening g6.} Qd2+ 54. Kh3 {[%emt 0:00:00] And now g6 would win.} Qe1 55. g6 Qh1+ 56. Kg3 Qg1+ 57. Kh3 Qh1+ 58. Kg3 Qg1+ 59. Kh3 Qf1+ 60. Kg3 $1 Qg1+ 61. Kh3 Qh1+ 62. Kg3 {[%emt 0:00:00] Weighted Error Value: White=0.07 (flawless) /Black=0.06 (flawless) .  Mistake:       	White=2     	Black=1      Inaccurate:     	White=3     	Black=1      OK:         	White=13    	Black=21     Best:        	White=1     	Black=5      Strong:       	White=1     	Black=1} 1/2-1/2

[Event "Indian Blitz Championship 2023"]
[Site "Nashik"]
[Date "2024.03.07"]
[Round "6.10"]
[White "Sengupta, Deep"]
[Black "Kaustuv, Kundu"]
[Result "0-1"]
[ECO "A38"]
[WhiteElo "2500"]
[BlackElo "2388"]
[Annotator "TA"]
[PlyCount "110"]
[EventDate "2024.03.07"]
[EventType "blitz"]
[EventCountry "IND"]
[SourceTitle "playchess.com"]
[Source "ChessBase"]
[SourceQuality "1"]
[TimeControl "180+2"]

1. Nf3 c5 2. c4 g6 3. Nc3 Bg7 4. b3 Nc6 5. Bb2 Nf6 6. g3 O-O 7. Bg2 e5 8. O-O d6 9. Ne1 Be6 {[%emt 0:00:15] A38: Symmetrical English vs ...g6: 4 Bg2 Bg7 5 Nf3 Nf6.} 10. Nc2 d5 11. cxd5 Nxd5 12. Ne3 Nde7 13. Rc1 Rc8 14. d3 h6 15. Nc4 $146 ({Predecessor:} 15. Qd2 b6 16. Nc4 Qd7 17. Rfe1 f5 18. e3 Rfd8 19. Red1 Nb4 20. Bf1 Kh7 21. a3 {1-0 Patuzzo,F (2290)-Fecker,N (2392) SUI-ch Rapid 2023 (7)}) 15... b6 16. Ne4 Qd7 (16... f5 $17 17. Ned6 Rb8) 17. Qd2 (17. f4 $15) 17... Rcd8 18. Rfd1 Kh7 19. f4 (19. Qe1 $15) 19... f5 $17 20. Nf2 exf4 21. gxf4 Bxb2 22. Qxb2 Nd5 (22... Bd5 $142 $1 {...Bxg2 is the strong threat.} 23. e4 Be6) 23. Nh3 (23. e3 $142) 23... Nf6 24. Re1 (24. Bxc6 $142 Qxc6 25. Ne5) 24... Ng4 25. Rcd1 $2 (25. Nf2 $17) 25... Bd5 (25... Bxc4 $19 26. bxc4 Ne3) 26. e4 $17 Bxc4 27. bxc4 fxe4 (27... Qd4+ {simplifies} 28. Qxd4 Nxd4 29. Rd2 Kg7) 28. Bxe4 Nd4 ({Better is} 28... Qd4+ $17 29. Qxd4 Nxd4) 29. Qg2 $11 h5 30. Kh1 Kg7 31. Rd2 Rf6 32. Rf1 $2 (32. Qg3 $11) 32... Rdf8 $2 (32... Ne3 $19 33. Qg1 Qxh3) 33. Qg3 Qd6 (33... Ne6 $1 $17 {Hoping for ...Qd6.} 34. Rg2 Qd6) 34. Rg2 (34. Re1 $11) 34... R8f7 ({Black should try} 34... Ne6 $1 $17 35. Rfg1 Nxf4 36. Nxf4 Qxf4 37. Qxf4 Rxf4) 35. Ng5 $2 (35. Re1 $11 {and White stays safe.}) 35... Rf8 $2 (35... Rxf4 $19 36. Rfg1 Rf8) 36. Nh3 {[%emt 0:00:07] [#]} (36. h3 $11 {keeps the balance.} Nh6 37. Bd5) 36... R8f7 (36... Ne6 $1 $17 37. Rfg1 Nxf4 38. Nxf4 Qxf4 39. Qxf4 Rxf4) 37. Ng5 $19 Rf8 (37... Rxf4 $19 38. Rfg1 Rf8) 38. Nh3 $17 {[%emt 0:00:00] [#]} Nf5 (38... Ne6 $1 $17 39. Rfg1 Nxf4 40. Nxf4 Qxf4 41. Qxf4 Rxf4) 39. Qf3 $2 (39. Bxf5 $11 Rxf5 40. Re2) 39... Nfe3 $19 40. Rfg1 $2 (40. Rxg4 hxg4 (40... Nxg4 $2 41. a3 $19) 41. Qxe3 gxh3 42. f5) 40... Nxg2 $19 41. Rxg2 Rxf4 42. Nxf4 Qxf4 43. Qxf4 Rxf4 44. Kg1 Ne3 45. Rf2 Rxf2 ({Weaker is} 45... Rg4+ 46. Kh1 $17) 46. Kxf2 Nd1+ 47. Kf3 Nc3 48. a3 Nxe4 49. dxe4 Kf6 50. h4 g5 51. hxg5+ Kxg5 52. Kg3 Kf6 53. Kf4 Ke6 54. a4 h4 55. Kg4 Ke5 0-1